cohdb
Replays
Latest Replays
All Replays
Popular Replays
Top Player Replays
Match Explorer
How It Works
Community
CoH3 Stats
Reddit
Sign in to upload your games and track your stats! →
Sign in with Steam
Match 39273871
Unlisted
Match 39273871
Overview
Messages
Build Orders
End
Vickers Machine Gun Team
Royal Engineer Section
Construct Section Command Post
Construct Platoon Command Post
6-pounder Anti-tank Gun Team
Construct Company Command Post
Foot Guards Section
Unlock M3 Grant Medium Tanks
Selects Air and Sea Battlegroup
Selects Supply Surplus
Skuffe
manchesterunited_2016
沉默梦魇
Mael Radec
Rancerd
Doomster
双华大魔王
八佰
0
0
Comments
sign in to comment!
No comments posted yet!